 Dungeon Crawl Stone Soup version 0.31-a0-188-g5e087ee2ca (webtiles) character file.

Game seed: 17332312183227570172

127 qw the Skirmisher (level 4, 0/25 HPs)
             Began as a Deep Elf Hunter on June 23, 2023.
             Slain by a scorpion (3 damage)
             ... on level 4 of the Dungeon.
             The game lasted 00:01:00 (2749 turns).

qw the Skirmisher (Deep Elf Hunter)                 Turns: 2749, Time: 00:01:01

Health: 0/25       AC:  6    Str: 10    XL:     4   Next: 85%
Magic:  6/6        EV: 11    Int: 14    God:
Gold:   191        SH:  0    Dex: 18    Spells: 3/3 levels left

rFire   . . .        Y - +0 shortbow
rCold   . . .        (shield currently unavailable)
rNeg    . . .        e - +0 ring mail
rPois   .            (no helmet)
rElec   .            (no cloak)
rCorr   .            i - +0 pair of gloves
SInv    .            (no boots)
Will    .....        (no amulet)
Stlth   +            (no ring)
HPRegen 0.24/turn    (no ring)
MPRegen 0.10/turn

%: no passive effects
@: lethally poisoned (0 -> -3)
A: no striking features
a: no special abilities


You were on level 4 of the Dungeon.
You visited 2 branches of the dungeon, and saw 5 of its levels.

You collected 236 gold pieces.
You spent 45 gold pieces at shops.


   Skills:
 - Level 1.5 Fighting
 + Level 8.3 Ranged Weapons
 - Level 2.4 Dodging
 - Level 1.2 Stealth


You had 3 spell levels left.
You didn't know any spells.
Your spell library was empty.

Inventory:

Hand Weapons
 Y - a +0 shortbow (weapon)
Armour
 e - a +0 ring mail (worn)
 i - a +0 pair of gloves (worn)
Scrolls
 f - a scroll of identify
Potions
 b - a potion of ambrosia {unknown}
 g - a potion of brilliance {unknown}

Dungeon Overview and Level Annotations

Branches:
Dungeon (4/15)             Temple (1/1) D:4

Altars:
Ashenzari
Cheibriados
Dithmenos
Elyvilon
Fedhas
Gozag
Nemelex Xobeh
Ru
Sif Muna
Uskayaw
Xom
Yredelemnul
The Shining One

Shops:
D:1 =:[[[


Message History

Enter note:
Enter note:
Enter note:
There is an escape hatch in the ceiling here.
You now have 191 gold pieces (gained 9).
A scorpion comes into view.
Enter note:
Enter note:
Enter note:
Enter note:
Enter note:
Enter note:
Enter note:
Enter note: You shoot an arrow.
The arrow hits the scorpion.
The scorpion is moderately wounded.
The scorpion stings you.
You are poisoned.
The scorpion poisons you!
You shoot an arrow. The arrow hits the scorpion!
The scorpion is severely wounded.
You feel very sick. The scorpion stings you.
You are more poisoned.
The scorpion poisons you!
You shoot an arrow. The arrow hits the scorpion.
The scorpion is almost dead.
You feel very sick. The scorpion barely misses you.
You shoot an arrow. The arrow closely misses the scorpion.
You feel very sick. The scorpion stings you. The scorpion barely misses you.
2747 ||| DRINKING potion of heal wounds.
You feel much better.
You feel sick. The scorpion stings you.
You shoot an arrow. The arrow barely misses the scorpion.
You feel sick. The scorpion stings you.
You shoot an arrow. The arrow barely misses the scorpion.
You feel sick. The scorpion stings you. x2
You die...

..... ## ##.... #..
###..... ##.. #.......
...## #########.......
... #...............
##s###.###..........
#..@.......#........
#......#..>###..##.#
#......####..# ##.#...
...............####.#...
.........#..##..##......
#...##.#.##. #.<#####...
##.# ###.##..##..##.....
.. ..# ###...##.... .
##........


You could see a scorpion.

Vanquished Creatures
  3 gnolls (D:4)
  3 worms
  2 dart slugs
  3 orcs (D:2)
  6 ball pythons
  8 endoplasms
  5 giant cockroaches
  3 goblins
  4 hobgoblins
  9 jackals
  4 quokkas
  3 bats
  7 frilled lizards
  12 kobolds
  4 rats
76 creatures vanquished.

Notes
Turn   | Place    | Note
-------+----------+-------------------------------------------
     0 | D:1      | qw the Deep Elf Hunter began the quest for the Orb.
     0 | D:1      | Reached XP level 1. HP: 12/12 MP: 3/3
     0 | D:1      | 0 ||| qw: Version: 0.3-a-9-g12657ce
     0 | D:1      | 0 ||| qw: Game counter: 3965
     0 | D:1      | 0 ||| qw: Always use a shield: true
     0 | D:1      | 0 ||| qw: God list: Okawaru
     0 | D:1      | 0 ||| qw: Allow faded altars: false
     0 | D:1      | 0 ||| qw: Do Orc after D:15 true
     0 | D:1      | 0 ||| qw: Do second Lair branch before Depths: true
     0 | D:1      | 0 ||| qw: Lair rune preference: random
     0 | D:1      | 0 ||| qw: Plans: Normal
     0 | D:1      | 0 ||| PLANNING D:1-11
    45 | D:1      | Found Tuicuosefa's Jewellery Shoppe.
    51 | D:1      | 51 ||| SHOPLISTING amulet of faith (480 gold, have 15).
    51 | D:1      | 51 ||| SHOPLISTING amulet of reflection (360 gold, have
                  | 15).
    51 | D:1      | 51 ||| SHOPLISTING amulet of regeneration (360 gold, have
                  | 15).
    51 | D:1      | 51 ||| SHOPLISTING ring of Lish {rPois rC- rCorr Str+3
                  | Dex+3} (441 gold, have 15).
    51 | D:1      | 51 ||| SHOPLISTING ring of see invisible (180 gold, have
                  | 15).
    97 | D:1      | Found Lyxtewn's Book Emporium.
   103 | D:1      | Reached XP level 2. HP: 13/16 MP: 4/4
   107 | D:1      | Reached skill level 6 in Ranged Weapons
   408 | D:1      | Found Nosoeras's Antique Armour Shop.
   422 | D:1      | 422 ||| SHOPLISTING blackened ring mail (216 gold, have
                  | 53).
   422 | D:1      | 422 ||| SHOPLISTING pair of boots (108 gold, have 53).
   422 | D:1      | 422 ||| SHOPLISTING shiny ring mail (168 gold, have 53).
   434 | D:1      | Reached XP level 3. HP: 20/20 MP: 5/5
   492 | D:1      | Found Renkero's Armour Emporium.
   497 | D:1      | 497 ||| SHOPLISTING +0 helmet of Action {+Inv rPois} (227
                  | gold, have 53).
   497 | D:1      | 497 ||| BUYING +0 pair of gloves (45 gold).
   497 | D:1      | Bought a +0 pair of gloves for 45 gold pieces
   571 | D:1      | Found Qeoziluakh's Antique Armour Emporium.
   574 | D:1      | 574 ||| SHOPLISTING distressingly furry fire dragon scales
                  | (1365 gold, have 8).
   574 | D:1      | 574 ||| SHOPLISTING pair of glowing boots (157 gold, have
                  | 8).
   574 | D:1      | 574 ||| SHOPLISTING runed leather armour (105 gold, have
                  | 8).
   574 | D:1      | 574 ||| SHOPLISTING runed ring mail (147 gold, have 8).
   771 | D:1      | 771 ||| UPGRADING to +0 ring mail.
   781 | D:1      | 781 ||| DROPPING +0 leather armour.
   782 | D:1      | 782 ||| UPGRADING to +0 pair of gloves.
   787 | D:1      | 787 ||| READING scroll labelled SIETACL ELEENG.
   788 | D:1      | 788 ||| READING 2 scrolls labelled BINNEO DIWEDGH.
   789 | D:1      | 789 ||| READING scroll labelled SACAVA UXTE.
   794 | D:1      | 794 ||| DROPPING scroll of butterflies.
   920 | D:2      | Reached skill level 7 in Ranged Weapons
  1573 | D:2      | 1573 ||| READING scroll labelled EQYIGA KEOMETAZI.
  1646 | D:3      | Reached XP level 4. HP: 25/25 MP: 6/6
  1940 | D:3      | Found a white marble altar of Elyvilon.
  2294 | D:3      | 2294 ||| READING 2 scrolls of identify.
  2294 | D:3      | 2294 ||| IDENTIFYING inky potion
  2295 | D:3      | 2295 ||| DROPPING potion of lignification.
  2482 | D:4      | 2482 ||| Stepping ~*~*~tactically~*~*~ (outnumbered).
  2483 | D:4      | 2483 ||| Stepping ~*~*~tactically~*~*~ (outnumbered).
  2488 | D:4      | Reached skill level 8 in Ranged Weapons
  2547 | D:4      | Found a staircase to the Ecumenical Temple.
  2548 | D:4      | 2548 ||| PLANNING TEMPLE
  2548 | D:4      | 2548 ||| DRINKING 2 emerald potions.
  2554 | Temple   | Entered the Ecumenical Temple
  2650 | Temple   | 2650 ||| PLANNING D:1-11
  2742 | D:4      | Noticed a scorpion
  2746 | D:4      | HP: 2/25 [scorpion (6)]
  2747 | D:4      | 2747 ||| DRINKING potion of heal wounds.
  2749 | D:4      | Slain by a scorpion

Levels and vault maps discovered:
D:1:      eino_arrival_cavern_e, layout_loops_ring, serial_shops,
          nicolae_shop_advertising_works [nicolae_subvault_shop_adworks], shop,
          nicolae_shop_rolling_square, shop_statue,
          nicolae_shop_tiny_real_fake_doors, serial_park_tiny_pond
D:2:      layout_loops_ring, wander_ebering_terrifying_dragon_lair
D:3:      layout_basic, elyvilon_altar_5, hangedman_decor_lopped, minivault_24
D:4:      layout_cave_pools, minitemple, minmay_temple_entry_fiery,
          minmay_shop_mayhem
Temple:   nicolae_temple_godzebo

Skill      XL: |  1  2  3  4 |
---------------+-------------+-----
Ranged Weapons | 6 7 8 |  8.3
Fighting       | |  1.5
Dodging        | |  2.4
Stealth        | |  1.2

Action                     |  1- 3 |  4- 6 || total
---------------------------+-------+-------++-------
   Fire: Shortbow          |   147 |    73 ||   220
    Use: Scroll            |     4 |     1 ||     5
         Potion            |       |     2 ||     2
 Armour: Leather armour    |     1 |       ||     1
         Ring mail         |    14 |    15 ||    29
  Dodge: Dodged            |    22 |    15 ||    37

Table legend:
 A = Non-vault XP
 B = Vault XP
 C = Vault XP percentage of total XP
 D = Non-vault monster count
 E = Vault monster count
 F = Vault count percentage of total count
                 A         B        C        D         E       F
            +---------+---------+-------+---------+---------+-------
      Total |     181 |       1 |   0.5 |      75 |       1 |   1.3
            +---------+---------+-------+---------+---------+-------
        D:1 |      48 |       0 |   0.0 |      29 |       0 |   0.0
        D:2 |      42 |       1 |   2.3 |      19 |       1 |   5.0
        D:3 |      28 |       0 |   0.0 |      13 |       0 |   0.0
        D:4 |      63 |       0 |   0.0 |      14 |       0 |   0.0
            +---------+---------+-------+---------+---------+-------
